 Dungeon Crawl Stone Soup version 0.31.0-12-g77e489cdc1 (webtiles) character file.

Game seed: 1033149492383729510

2370 Qamino the Martial Artist (level 9, -5/68 HPs)
             Began as a Demonspawn Brigand on Feb 29, 2024.
             Was the Champion of Jiyva.
             Slain by Erica
             ... wielding a +4 scimitar of flaming
              (17 damage)
             ... on level 8 of the Dungeon.
             The game lasted 00:07:09 (6223 turns).

Qamino the Martial Artist (Demonspawn Brigand)      Turns: 6223, Time: 00:07:09

Health: -5/68      AC: 10    Str: 20    XL:     9   Next: 21%
Magic:  9/9        EV: 16    Int: 14    God:    Jiyva [******]
Gold:   335        SH:  0    Dex: 12    Spells: 8/8 levels left

rFire   . .          .
                       - Unarmed
rCold   . . .        (no shield)
rNeg    . . .        b - +0 robe
rPois   +            (helmet restricted)
rElec   .            c - +0 cloak
rCorr   +            (no gloves)
SInv    .            (no boots)
Will    .....        (no amulet)
Stlth   ++           (no ring)
HPRegen 1.91/turn    (no ring)
MPRegen 0.91/turn

%: no passive effects
@: slowed, very slow
A: antennae 1, slimy green scales 3, foul stench 1, demonic magic 1, strong 2,
acidic bite, gelatinous body 3, sturdy frame 3
a: Renounce Religion, Oozemancy, Slimify


You were on level 8 of the Dungeon.
You worshipped Jiyva.
Jiyva was exalted by your worship.
You visited 1 branch of the dungeon, and saw 8 of its levels.
You also visited: Sewer.

You collected 335 gold pieces.


Innate Abilities, Weirdness & Mutations

You have a pair of small antennae on your head.
You are completely covered in slimy green scales. (AC +4, rPois)
You may rarely emit foul miasma when damaged in melee.
Spells you cast may paralyse adjacent enemies.
Your muscles are very strong. (Str +8, Int/Dex -2)
You have acidic saliva.
Your gelatinous body deflects attacks. (AC +3, EV +3)
Your movements are significantly less encumbered by armour. (ER -6)


   Skills:
 - Level 5.0 Fighting
 - Level 1.7 Short Blades
 - Level 1.7 Throwing
 + Level 4.8 Dodging
 - Level 3.6 Stealth
 - Level 8.0 Unarmed Combat
 - Level 5.0 Evocations


You had 8 spell levels left.
You didn't know any spells.
Your spell library contained the following spells:

 Spells                   Type           Power      Damage    Failure   Level
 Call Imp                 Summ           0%         N/A       41%         2
 Cigotuvi's Dreadful Rot  Necr/Alch/Air  0%         N/A       41%         2
 Sublimation of Blood     Necr           0%         N/A       41%         2
 Ignite Poison            Fire/Alch      0%         N/A       96%         4
 Freezing Cloud           Conj/Ice/Air   0%         6-21      100%        5
 Summon Hydra             Summ           0%         N/A       100%        7

Inventory:

Hand Weapons
 a - a +2 dagger
 w - a +3 long sword of freezing
Missiles
 d - 9 poisoned darts (quivered)
 e - 3 curare-tipped darts {=f}
Armour
 b - a +0 robe (worn)
 c - a +0 cloak (worn)
Wands
 t - a wand of charming (4)
Scrolls
 g - 2 scrolls of vulnerability {unknown}
 h - 2 scrolls of teleportation {unknown}
 j - a scroll of fear {unknown}
 k - a scroll of noise {unknown}
 l - 3 scrolls of identify {unknown}
 p - a scroll of amnesia {unknown}
 r - 2 scrolls of brand weapon {unknown}
 s - a scroll of fog {unknown}
 x - a scroll of poison {unknown}
 y - a scroll of enchant armour {unknown}
Potions
 f - a potion of lignification {unknown}
 i - a potion of heal wounds {unknown}
 m - a potion of attraction {unknown}
 n - 5 potions of brilliance {unknown}
 q - a potion of degeneration {unknown}
 u - a potion of resistance {unknown}
 v - a potion of curing {unknown}
Miscellaneous
 o - a condenser vane (inert)

Dungeon Overview and Level Annotations

Branches:
Dungeon (8/15)             Temple (0/1) D:6           Sewer (visited)
   Lair: D:8-11

Altars:
Fedhas
Kikubaaqudgha
Qazlal
Jiyva

Annotations:
D:3 1 runed translucent door, Consumeair16's ghost, weakling GnFi
D:8 Erica

..#
#.################
#................#
################.#
#.# #.# #.# #.#
#@# #x# #.# #ยง#
#.# #.. .#. . . .
.#


You could see Erica.


Message History

* * * LOW HITPOINT WARNING * * *
You hit Erica.
Erica is moderately wounded.
Erica hits you with a +4 scimitar of flaming.
* * * LOW HITPOINT WARNING * * *
Erica burns you.
* * * LOW HITPOINT WARNING * * *
Erica constricts you.
* * * LOW HITPOINT WARNING * * *
Okay, then.
Clouds condense from the air!
The condenser dries out!
Erica stares at you and mumbles some strange words.
You feel yourself slow down. Erica constricts you.
Unknown command.
You escape Erica's grasp.
Unknown command.
You closely miss Erica. You bite Erica.
Erica is moderately wounded.
Erica hits you with a +4 scimitar of flaming.
* * * LOW HITPOINT WARNING * * *
Erica burns you.
* * * LOW HITPOINT WARNING * * *
Erica closely misses you.
You punch Erica! Your punch misses Erica.
Erica is heavily wounded.
Erica barely misses you. Erica closely misses you.
Erica hits you with a +4 scimitar of flaming!
You die...
Erica begins burbling mirthfully and uncontrollably.

Skill      XL: |  1  2  3  4  5  6  7  8  9 |
---------------+----------------------------+-----
Fighting       | 3 5 |  5.0
Unarmed Combat | 2 3 4 5 8 |  8.0
Evocations     | 3 4 5 |  5.0
Dodging        | 3 4 |  4.8
Short Blades   | |  1.7
Throwing       | |  1.7
Stealth        | |  3.6

Action                     |  1- 3 |  4- 6 |  7- 9 || total
---------------------------+-------+-------+-------++-------
  Melee: Dagger            |    98 |   317 |       ||   415
         Punch             |       |     6 |     9 ||    15
         Unarmed           |       |    38 |   242 ||   280
         Bite              |       |       |     4 ||     4
  Evoke: Condenser vane    |       |     1 |     1 ||     2
   Stab: Sleeping          |    12 |     1 |     4 ||    17
         Distracted        |     1 |       |       ||     1
 Armour: Robe              |    43 |   216 |   168 ||   427
  Dodge: Dodged            |    43 |   172 |   146 ||   361

Levels and vault maps discovered:
D:1:      lightli_arrival_lavapool, layout_loops_ring,
          hellmonk_ecumenical_altar_pennies_from_heaven,
          minmay_gold_behind_fungi, nrook_mini_backslash
D:2:      minmay_alternating_diamond, layout_rooms, basic_altar, serial_undead,
          serial_undead_b, serial_undead_d, serial_undead_d, serial_undead_e,
          minmay_lizard_pond, uniq_sigmund
D:3:      layout_basic, lemuel_zombie_altar_kikubaaqudgha,
          gup_sewer_entry_bubbles, ebering_ghost_reflecting_pool, uniq_robin
D:4:      layout_cave_pods, uniq_grinder
D:5:      layout_loops_corners, nicolae_qazlal_style_of_elements
D:6:      layout_loops_ring, fedhas_altar_2, minmay_temple_entry_proselytizer,
          minivault_4, minmay_quadrilaterals
D:7:      layout_cave_pools
D:8:      layout_loops_ring, mainiacjoe_overflow_chevrons, uniq_erica,
          uniq_joseph

Notes
Turn   | Place    | Note
-------+----------+-------------------------------------------
     0 | D:1      | Qamino the Demonspawn Brigand began the quest for the Orb.
     0 | D:1      | Reached XP level 1. HP: 16/16 MP: 1/1
   197 | D:1      | Gained mutation: You have a pair of small antennae on your
                  | head. [demonic ancestry]
   197 | D:1      | Reached XP level 2. HP: 11/23 MP: 2/2
   297 | D:1      | Found a faded altar of an unknown god.
   322 | D:1      | Prayed at the altar of an unknown god.
   322 | D:1      | Became a worshipper of Jiyva Jocejela the Shapeless
   322 | D:1      | Reached * piety under Jiyva
   380 | D:1      | Reached skill level 3 in Fighting
   479 | D:1      | Gained mutation: You are partially covered in slimy green
                  | scales. (AC +2) [demonic ancestry]
   479 | D:1      | Reached XP level 3. HP: 20/29 MP: 3/3
   534 | D:1      | Reached ** piety under Jiyva
   897 | D:2      | Found a blossoming altar of Fedhas.
  1006 | D:2      | Noticed Sigmund
  1024 | D:2      | Killed Sigmund
  1025 | D:2      | Reached skill level 5 in Fighting
  1025 | D:2      | Reached skill level 2 in Unarmed Combat
  1025 | D:2      | Gained mutation: You are mostly covered in slimy green
                  | scales. (AC +3) [demonic ancestry]
  1025 | D:2      | Reached XP level 4. HP: 38/39 MP: 4/4
  1025 | D:2      | Gained mutation: You may rarely emit foul miasma when
                  | damaged in melee. [demonic ancestry]
  1025 | D:2      | Reached XP level 5. HP: 43/44 MP: 5/5
  1459 | D:3      | Reached *** piety under Jiyva
  1696 | D:3      | Reached skill level 3 in Unarmed Combat
  1728 | D:3      | Found a glowing drain.
  1783 | Sewer    | Entered a sewer
  1851 | Sewer    | Reached XP level 6. HP: 51/51 MP: 6/6
  2086 | D:3      | Gained mutation: Your mind is acute. (Int +4, Str/Dex -1)
                  | [Jiyva's grace]
  2086 | D:3      | Gained mutation: Your mind is very acute. (Int +8, Str/Dex
                  | -2) [Jiyva's grace]
  2086 | D:3      | Gained mutation: Your rubbery body absorbs attacks. (AC +1,
                  | EV +1) [Jiyva's grace]
  2086 | D:3      | Gained mutation: Your pliable body absorbs attacks. (AC +2,
                  | EV +2) [Jiyva's grace]
  2294 | D:3      | Noticed Robin
  2317 | D:3      | Killed Robin
  2355 | D:3      | Reached skill level 1 in Evocations
  2410 | D:3      | Found a runed translucent door.
  2410 | D:3      | Noticed Consumeair16's ghost (weakling GnFi)
  2672 | D:3      | Reached **** piety under Jiyva
  2864 | D:3      | Found an ancient bone altar of Kikubaaqudgha.
  3286 | D:4      | Reached skill level 4 in Unarmed Combat
  3286 | D:4      | Reached skill level 2 in Evocations
  3834 | D:4      | Noticed Grinder
  3842 | D:4      | Paralysed by Grinder for 4 turns
  3879 | D:4      | Paralysed by Grinder for 5 turns
  3899 | D:4      | Paralysed by Grinder for 4 turns
  3928 | D:4      | Paralysed by Grinder for 5 turns
  3940 | D:4      | Killed Grinder
  3941 | D:4      | Reached skill level 3 in Evocations
  3941 | D:4      | Gained mutation: Spells you cast may paralyse adjacent
                  | enemies. [demonic ancestry]
  3941 | D:4      | Reached XP level 7. HP: 45/56 MP: 7/7
  4035 | D:5      | Entered Level 5 of the Dungeon
  4037 | D:5      | Reached ***** piety under Jiyva
  4039 | D:5      | Found a stormy altar of Qazlal.
  4044 | D:5      | Noticed an air elemental
  4048 | D:5      | Noticed a water elemental
  4048 | D:5      | Noticed a fire elemental
  4107 | D:5      | Lost mutation: Your mind is very acute. (Int +8, Str/Dex
                  | -2) [Jiyva's grace]
  4107 | D:5      | Lost mutation: Your mind is acute. (Int +4, Str/Dex -1)
                  | [Jiyva's grace]
  4107 | D:5      | Gained mutation: Your muscles are strong. (Str +4, Int/Dex
                  | -1) [Jiyva's grace]
  4107 | D:5      | Gained mutation: Your muscles are very strong. (Str +8,
                  | Int/Dex -2) [Jiyva's grace]
  4107 | D:5      | Gained mutation: Your gelatinous body deflects attacks. (AC
                  | +3, EV +3) [Jiyva's grace]
  4107 | D:5      | Gained mutation: Your body has grown eyes which may confuse
                  | attackers. (Acc +3) [Jiyva's grace]
  4134 | D:5      | Reached skill level 5 in Unarmed Combat
  4232 | D:5      | Reached skill level 4 in Evocations
  4440 | D:5      | Gained mutation: You are completely covered in slimy green
                  | scales. (AC +4, rPois) [demonic ancestry]
  4440 | D:5      | Reached XP level 8. HP: 22/62 MP: 8/8
  4693 | D:5      | Reached skill level 5 in Evocations
  4700 | D:5      | Reached skill level 6 in Unarmed Combat
  5118 | D:6      | Found a staircase to the Ecumenical Temple.
  5305 | D:6      | Found a blossoming altar of Fedhas.
  5339 | D:6      | Reached skill level 7 in Unarmed Combat
  5744 | D:7      | Reached skill level 8 in Unarmed Combat
  5744 | D:7      | Reached skill level 1 in Dodging
  5749 | D:7      | Reached skill level 2 in Dodging
  5825 | D:7      | Reached skill level 3 in Dodging
  5825 | D:7      | Reached XP level 9. HP: 68/68 MP: 9/9
  5826 | D:7      | Reached ****** piety under Jiyva
  5942 | D:7      | Lost mutation: Your body has grown eyes which may confuse
                  | attackers. (Acc +3) [Jiyva's grace]
  5942 | D:7      | Gained mutation: Your movements are slightly less
                  | encumbered by armour. (ER -2) [Jiyva's grace]
  5942 | D:7      | Gained mutation: Your movements are less encumbered by
                  | armour. (ER -4) [Jiyva's grace]
  5942 | D:7      | Gained mutation: Your movements are significantly less
                  | encumbered by armour. (ER -6) [Jiyva's grace]
  5942 | D:7      | Gained mutation: You have acidic saliva. [Jiyva's grace]
  6117 | D:8      | Reached skill level 4 in Dodging
  6208 | D:8      | Noticed Erica
  6219 | D:8      | HP: 4/68 [constriction (4)]
  6223 | D:8      | Slain by Erica

Vanquished Creatures
  Grinder (D:4)
  Sigmund (D:2)
  A steam dragon (D:8)
  3 water moccasins
  A sky beast (D:7)
  An ice beast (D:5)
  A black bear (D:6)
  An ogre (D:4)
  2 centaurs (D:8)
  2 phantoms
  A bullfrog (D:6)
  3 wights (D:7)
  6 killer bees (D:5)
  An electric eel (D:6)
  3 hounds
  3 orc priests
  2 iguanas
  2 orc wizards
  Robin (D:3)
  5 adders
  4 gnolls
  3 river rats (D:3)
  2 white imps (D:7)
  2 adder skeletons (D:2)
  3 dart slugs
  A ribbon worm (D:3)
  12 orcs
  9 ball pythons
  An endoplasm (D:1)
  5 giant cockroaches
  9 goblins
  8 hobgoblins
  3 kobolds
  A quokka (D:2)
  7 bats
  8 frilled lizards
  3 rats (D:3)
122 creatures vanquished.

Vanquished Creatures (others)
  An ogre (D:5)
  2 bullfrogs (Sewer)
  A scorpion (D:6)
  7 jellies
  A bombardier beetle (D:5)
  An orc priest (D:3)
  An iguana (D:6)
  A gnoll (D:3)
  5 adders
  An adder zombie (D:2)
  7 dart slugs
  4 ribbon worms
  5 orcs
  3 bat zombies (D:3)
  7 endoplasms
  11 giant cockroaches (Sewer)
  A goblin (D:2)
  5 hobgoblins
  3 jackals (D:3)
  4 kobolds
  2 quokkas
  8 ball pythons
  2 bats
  12 frilled lizards
  A giant cockroach zombie (D:2)
  A quokka zombie (D:2)
  5 rats
102 creatures vanquished.

Grand Total: 224 creatures vanquished

Table legend: (Time is in decaauts)
 A = Elapsed time spent in this place.
 B = Non-inter-level travel time spent in this place.
 C = Inter-level travel time spent in this place.
 D = Time resting spent in this place.
 E = Time spent auto-exploring this place.
 F = Levels seen in this place.
 G = Mean time per level.
                   A        B        C        D        E       F      G
               +--------+--------+--------+--------+--------+-----+--------+
         Total |   6247 |   6130 |    117 |     67 |   4725 |   9 |  694.1 |
       Dungeon |   5983 |   5866 |    117 |     67 |   4558 |   8 |  747.9 |
         Sewer |    264 |    264 |      0 |      0 |    167 |   1 |  264.0 |
               +--------+--------+--------+--------+--------+-----+--------+

Top non-repeatable levels by time:
     D:3: 1508 daAuts
     D:5: 869 daAuts
     D:4: 866 daAuts
     D:1: 855 daAuts
     D:6: 718 daAuts
     D:2: 593 daAuts
     D:7: 460 daAuts
   Sewer: 264 daAuts
     D:8: 111 daAuts

Table legend:
 A = Non-vault XP
 B = Vault XP
 C = Vault XP percentage of total XP
 D = Non-vault monster count
 E = Vault monster count
 F = Vault count percentage of total count
                 A         B        C        D         E       F
            +---------+---------+-------+---------+---------+-------
      Total |    2672 |     714 |  21.1 |      92 |      32 |  25.8
            +---------+---------+-------+---------+---------+-------
        D:1 |      54 |       0 |   0.0 |      25 |       0 |   0.0
        D:2 |      17 |     240 |  93.4 |       9 |       6 |  40.0
        D:3 |      77 |      85 |  52.5 |      12 |      14 |  53.8
        D:4 |     218 |     277 |  56.0 |       4 |       1 |  20.0
        D:5 |     655 |       0 |   0.0 |      14 |       0 |   0.0
        D:6 |     375 |      94 |  20.0 |      10 |       3 |  23.1
        D:7 |     864 |       0 |   0.0 |      15 |       0 |   0.0
        D:8 |     412 |       0 |   0.0 |       3 |       0 |   0.0
      Sewer |       0 |      18 | 100.0 |       0 |       8 | 100.0
            +---------+---------+-------+---------+---------+-------
